 Dungeon Crawl Stone Soup version 0.29-a0-330-g52719c12eb (webtiles) character file.

Game seed: 13060796395236445326

296 kae the Changer (level 6, -3/47 HPs)
             Began as a Draconian Transmuter on May 13, 2022.
             Slain by Duvessa
             ... wielding a +0 short sword
              (11 damage)
             ... on level 4 of the Dungeon.
             The game lasted 00:03:03 (4172 turns).

kae the Changer (Draconian Transmuter)              Turns: 4172, Time: 00:03:04

Health: -3/47      AC:  6    Str: 12    XL:     6   Next: 12%
Magic:  10/10      EV: 12    Int: 16    God:
Gold:   174        SH:  0    Dex: 17    Spells: 1/11 levels left

rFire   . . .      SeeInvis .   a - +1 short sword (venom)
rCold   . . .      Faith    .   (no shield)
rNeg    . . .      Spirit   .   (body armour unavailable)
rPois   .          Reflect  .   (helmet currently unavailable)
rElec   .          Harm     .   (no cloak)
rCorr   .          Rampage  .   (no gloves)
Will    .....                   (boots currently unavailable)
Stlth   ++........              (no amulet)
HPRegen 0.15/turn               n - +6 ring of dexterity
MPRegen 0.12/turn               (no ring)

@: appendages (expiring)
A: horns 2, talons 2, AC +6, unfitting armour, cold-blooded
a: End Transformation


You were on level 4 of the Dungeon.
You had temporarily grown beastly horns and talons.
You visited 1 branch of the dungeon, and saw 4 of its levels.

You collected 174 gold pieces.

Inventory:

Hand Weapons
 a - a +1 short sword of venom (weapon)
Jewellery
 n - a +6 ring of dexterity (left hand)
Wands
 f - a wand of paralysis (12)
Scrolls
 b - 3 scrolls of magic mapping
 d - a scroll of noise
 o - a scroll of summoning
Potions
 e - a potion of brilliance
 g - 2 potions of berserk rage
 h - a potion of ambrosia
 i - 2 potions of curing {unknown}
 l - a potion of haste
 m - a potion of magic {unknown}


   Skills:
 - Level 1.1 Fighting
 - Level 1.7 Dodging
 + Level 4.2 Unarmed Combat
 + Level 3.2 Spellcasting
 * Level 4.6 Transmutations
 * Level 1.3 Ice Magic


You had one spell level left.
You knew the following spells:

 Your Spells              Type           Power      Damage    Failure   Level
a - Beastly Appendage     Tmut           34%        N/A       2%          1
b - Wereblood             Tmut           17%        N/A       4%          2
c - Spider Form           Tmut/Pois      10%        N/A       22%         3
d - Ice Form              Ice/Tmut       12%        N/A       47%         4

Your spell library contained the following spells:

 Spells                   Type           Power      Damage    Failure   Level


Dungeon Overview and Level Annotations

Branches:
Dungeon (4/15)
 Temple: D:4-7

Altars:
Cheibriados
Dithmenos
Hepliaklqana

Annotations:
D:2 exclusion: upstairs
D:4 1 transporter, Dowan, Duvessa


Innate Abilities, Weirdness & Mutations

You have temporarily grown beastly horns and talons.
Your plain brown scales are hard. (AC +6)
You cannot fit into any form of body armour.
You are cold-blooded and may be slowed by cold attacks.


Message History

You hit Duvessa but do no damage. Your kick misses Duvessa.
Duvessa drinks a potion.
Duvessa seems to speed up.
There are monsters nearby!
You closely miss Duvessa. Your kick misses Duvessa.
You headbutt Duvessa, but do no damage. Duvessa hits you with a +0 short sword!
Dowan completely misses you. Duvessa barely misses you.
Dowan hits you but does no damage.
You closely miss Duvessa. Your kick misses Duvessa.
Your headbutt misses Duvessa.
Your transformation is almost over.
Duvessa hits you but does no damage.
Dowan hits you with a +2 dagger of speed.
There are monsters nearby!
You hit Duvessa but do no damage.
Duvessa is poisoned.
You claw Duvessa, but do no damage. You headbutt Duvessa.
Duvessa is lightly wounded.
Duvessa hits you with a +0 short sword.
Dowan hits you with a +2 dagger of speed!
Duvessa barely misses you.
Dowan hits you with a +2 dagger of speed.
You are too injured to fight recklessly!
There are monsters nearby!
You are too injured to fight recklessly!
You are too injured to fight recklessly!
Duvessa hits you but does no damage.
As you read the scroll labelled QUZXOT GAQAENO, it crumbles to dust.
The creatures around you are filled with an inner flame!
It was a scroll of immolation.
Duvessa yells, "You can run, but you cannot escape us forever!"
Duvessa hits you but does no damage.
Okay, then.
Okay, then.
Duvessa hits you with a +0 short sword!
* * * LOW HITPOINT WARNING * * *
Dowan casts a spell.
Dowan blinks!
You open the door. Duvessa hits you with a +0 short sword.
* * * LOW HITPOINT WARNING * * *
Duvessa hits you with a +0 short sword!
You die...

#.#
##############.###
................
#............###
#...............
#............#####
#................#
#..........@e#.#.#
#####'####'#.....#
#.# #.###§..# #.#
#.#..........
##'####[#.#<.e.....
#.......#.#........
# #.......#
#....#..#
#.####.......#
.........
#.......####.#
.....©.©.


You could see Duvessa (fast, inner flame, poisoned) and Dowan (inner flame).

Vanquished Creatures
  Blork the orc (D:4)
  A scorpion (D:3)
  A hound (D:4)
  Robin (D:2)
  4 adders
  2 worms (D:3)
  A dart slug (D:1)
  4 orcs (D:3)
  7 bats
  9 endoplasms
  4 giant cockroaches
  17 goblins
  4 hobgoblins
  4 quokkas
  5 ball pythons
  3 frilled lizards (D:1)
  7 kobolds
  4 rats
79 creatures vanquished.

Vanquished Creatures (collateral kills)
  A dart slug (D:3)
1 creature vanquished.

Grand Total: 80 creatures vanquished

Notes
Turn   | Place    | Note
-------+----------+-------------------------------------------
     0 | D:1      | kae the Draconian Transmuter began the quest for the Orb.
     0 | D:1      | Reached XP level 1. HP: 16/16 MP: 3/3
    62 | D:1      | You fall into a shaft and drop 1 floor!
    62 | D:2      | Noticed Robin
    74 | D:2      | Reached XP level 2. HP: 10/23 MP: 5/5
    78 | D:2      | Killed Robin
   559 | D:1      | Reached XP level 3. HP: 10/27 MP: 4/6
   562 | D:1      | Learned a level 2 spell: Wereblood
   566 | D:1      | Learned a level 3 spell: Spider Form
   845 | D:1      | Found a faded altar of an unknown god.
  1542 | D:2      | Reached XP level 4. HP: 24/35 MP: 7/7
  2540 | D:3      | Found a snail-covered altar of Cheibriados.
  2989 | D:3      | Noticed a scorpion
  2998 | D:3      | Killed a scorpion
  2999 | D:3      | Reached XP level 5. HP: 37/40 MP: 5/9
  3319 | D:3      | Found a shadowy altar of Dithmenos.
  3324 | D:3      | Noticed a shadow
  3327 | D:3      | Found a hazy altar of Hepliaklqana.
  3546 | D:3      | Learned a level 4 spell: Ice Form
  3721 | D:4      | Noticed Blork the orc
  3734 | D:4      | Killed Blork the orc
  3735 | D:4      | Reached skill level 1 in Ice Magic
  4000 | D:4      | Reached XP level 6. HP: 42/47 MP: 8/10
  4162 | D:4      | Found a transporter.
  4162 | D:4      | Noticed Duvessa
  4163 | D:4      | Noticed Dowan
  4172 | D:4      | Slain by Duvessa

Illustrated notes

Levels and vault maps discovered:
D:1:      elethiomel_arrival_shortcut, layout_rooms,
          ebering_ecumenical_altar_petrified, chequers_serial_rivers_marsh,
          glass_columns_b
D:2:      kennysheep_the_goblin_king, layout_loops_ring, minmay_surrounded,
          uniq_robin
D:3:      layout_loops_ring, riverfiend_overflow_shadow_ancestor,
          kennysheep_slug_shrine, kennysheep_generic_room_2
D:4:      layout_basic, gammafunk_ghost_smash, uniq_blork_the_orc, uniq_duvessa

Skill      XL: |  1  2  3  4  5 |
---------------+----------------+-----
Transmutations | 3 4 |  4.6
Unarmed Combat | 4 |  4.2
Spellcasting   | 3 |  3.2
Ice Magic      | 1 |  1.3
Fighting       | |  1.1
Dodging        | |  1.7

Action                   |  1- 3 |  4- 6 || total
-------------------------+-------+-------++-------
Melee: Unarmed           |    24 |       ||    24
       Kick              |     8 |    20 ||    28
       Headbutt          |     4 |    12 ||    16
       Short sword       |    79 |   119 ||   198
       Tailslap          |     8 |    10 ||    18
       Punch             |     5 |     3 ||     8
 Cast: Beastly Appendage |    13 |    19 ||    32
       Wereblood         |       |     3 ||     3
  Use: Potion            |     1 |     1 ||     2
       Scroll            |     1 |    10 ||    11
 Stab: Sleeping          |       |     1 ||     1
Armor: Skin              |    42 |    36 ||    78
Dodge: Dodged            |    65 |    63 ||   128

Table legend: (Time is in decaauts)
 A = Elapsed time spent in this place.
 B = Non-inter-level travel time spent in this place.
 C = Inter-level travel time spent in this place.
 D = Time resting spent in this place.
 E = Time spent auto-exploring this place.
 F = Levels seen in this place.
 G = Mean time per level.
                   A        B        C        D        E       F      G
               +--------+--------+--------+--------+--------+-----+--------+
         Total |   4199 |   4133 |     66 |    266 |   3241 |   4 | 1049.8 |
       Dungeon |   4199 |   4133 |     66 |    266 |   3241 |   4 | 1049.8 |
               +--------+--------+--------+--------+--------+-----+--------+

Top non-repeatable levels by time:
     D:2: 1460 daAuts
     D:3: 1211 daAuts
     D:1: 941 daAuts
     D:4: 586 daAuts
